 Dungeon Crawl Stone Soup version 0.29.1-13-g9f3cf754e1 (webtiles) character file.

Game seed: 4775258045938446871

1502 Peloso the Carver (level 8, 0/70 HPs)
             Began as a Minotaur Fighter on Jan 22, 2023.
             Slain by an orc warrior
             ... wielding a +0 war axe
              (7 damage)
             ... in a bailey.
             The game lasted 00:10:44 (5909 turns).

Peloso the Carver (Minotaur Fighter)                Turns: 5909, Time: 00:10:45

Health: 0/70       AC: 18    Str: 21    XL:     8   Next: 52%
Magic:  7/7        EV:  6    Int:  5    God:
Gold:   270        SH:  5    Dex: 12    Spells: 7/7 levels left

rFire   . . .      SeeInvis .   a - +1 falchion (drain)
rCold   . . .      Faith    .   d - +0 buckler
rNeg    . . .      Spirit   .   c - +0 plate armour
rPois   .          Reflect  .   (helmet restricted)
rElec   .          Harm     .   s - +2 cloak
rCorr   .          Rampage  .   (no gloves)
Will    .....                   e - +0 pair of boots
Stlth   ..........              (no amulet)
HPRegen 0.21/turn               (no ring)
MPRegen 0.10/turn               (no ring)

@: mighty
A: horns 2, retaliatory headbutt
a: no special abilities


You were in a bailey.
You visited 1 branch of the dungeon, and saw 7 of its levels.
You also visited: Bailey.

You collected 303 gold pieces.
You spent 33 gold pieces at shops.

Inventory:

Hand Weapons
 a - a +1 falchion of draining (weapon)
 b - a +2 hand axe of flaming
Armour
 c - a +0 plate armour (worn)
 d - a +0 buckler (worn)
 e - a +0 pair of boots (worn)
 s - a +2 cloak (worn)
 z - a +3 scale mail of poison resistance
Wands
 p - a wand of quicksilver (14)
 u - a wand of mindburst (10)
Scrolls
 g - a scroll of magic mapping
 h - 4 scrolls of teleportation
 i - 2 scrolls of blinking
 q - a scroll of fear
 r - a scroll of poison {unknown}
 x - a scroll of fog {unknown}
 y - a scroll of summoning
Potions
 f - 3 potions of magic
 j - a potion of might
 k - 2 potions of invisibility
 l - 2 potions of cancellation
 m - a potion of mutation
 n - 2 potions of heal wounds
 o - a potion of brilliance
 t - 5 potions of curing
 v - a potion of ambrosia {unknown}
 w - a potion of berserk rage {unknown}


   Skills:
 + Level 6.2 Fighting
 + Level 8.5 Long Blades
 + Level 7.7 Armour
 + Level 0.6 Dodging
 + Level 0.5 Stealth
 + Level 5.8 Shields
 + Level 0.1 Evocations


You had 7 spell levels left.
You didn't know any spells.
Your spell library contained the following spells:

 Spells                   Type           Power      Damage    Failure   Level
 Sting                    Tmut/Pois      0%         1d3       100%        1
 Poisonous Vapours        Pois/Air       0%         N/A       100%        2
 Ozocubu's Armour         Ice            0%         N/A       100%        3
 Olgreb's Toxic Radiance  Pois           0%         N/A       100%        4
 Metabolic Englaciation   Hex/Ice        0%         N/A       100%        5
 Simulacrum               Ice/Necr       0%         N/A       100%        6
 Ozocubu's Refrigeration  Ice            0%         4d7       100%        7


Dungeon Overview and Level Annotations

Branches:
Dungeon (7/15)             Temple (0/1) D:7          Bailey (1/1)

Altars:
Trog
Vehumet
Xom
Zin

Shops:
D:4 !


Innate Abilities, Weirdness & Mutations

You have a pair of horns on your head.
You reflexively headbutt those who attack you in melee.


Message History

You block the orc warrior's attack.
You slash the kobold brigand!
The kobold brigand is heavily wounded.
Unknown command.
You completely miss the kobold brigand.
The kobold brigand is heavily wounded.
The kobold brigand barely misses you. The orc warrior barely misses you.
You closely miss the kobold brigand.
The kobold brigand is heavily wounded.
You block the kobold brigand's attack.
The orc warrior hits you with a +0 war axe!
You slash the kobold brigand! You drain the kobold brigand.
The kobold brigand is almost dead.
The kobold brigand hits you but does no damage.
You completely miss the kobold brigand.
The kobold brigand is almost dead.
The orc warrior hits you but does no damage.
The kobold brigand hits you but does no damage.
The orc warrior hits you with a +0 war axe.
You slash the kobold brigand!
You kill the kobold brigand!
The orc warrior hits you but does no damage.
The orc warrior hits you with a +0 war axe. x2
Unknown command.
You hit the orc warrior.
The orc warrior is lightly wounded.
The orc warrior hits you with a +0 war axe!
The orc warrior hits you but does no damage.
You block the orc warrior's attack.
The orc warrior hits you with a +0 war axe.
* * * LOW HITPOINT WARNING * * *
You hit the orc warrior but do no damage.
The orc warrior is lightly wounded.
The orc warrior hits you with a +0 war axe.
* * * LOW HITPOINT WARNING * * *
The orc warrior hits you with a +0 war axe!
* * * LOW HITPOINT WARNING * * *
The orc warrior hits you but does no damage.
The orc warrior hits you with a +0 war axe!
You die...

###~~.......~~##
...~~.......~~..
###~~.......~~##
...~~.......~~..
###~~.......~~##
##~.......~##
####'''####
##..o..##
#∩..o@o∩#
#...8)o.#
##..(..##
###'### ...
..... ......
........


You could see 4 orc warriors.

Vanquished Creatures
  2 ice beasts
  2 ogres
  A centaur (D:6)
  A phantom (D:6)
  5 kobold brigands (Bailey)
  2 scorpions
  2 howler monkeys
  A jelly (D:6)
  2 orc priests
  Crazy Yiuf (D:3)
  2 hounds (D:4)
  2 iguanas
  Terence (D:2)
  Jessica (D:3)
  An orc wizard (D:3)
  3 adders
  A gnoll (D:1)
  A white imp (D:6)
  An ufetubus (D:6)
  2 worms (D:2)
  2 dart slugs
  8 orcs
  4 ball pythons
  7 endoplasms
  A giant cockroach (D:1)
  14 goblins
  11 hobgoblins
  3 quokkas
  2 training dummies (D:5)
  4 bats
  3 frilled lizards
  9 kobolds
  7 rats
109 creatures vanquished.

Vanquished Creatures (others)
  A wizard (D:6)
1 creature vanquished.

Grand Total: 110 creatures vanquished

Notes
Turn   | Place    | Note
-------+----------+-------------------------------------------
     0 | D:1      | Peloso the Minotaur Fighter began the quest for the Orb.
     0 | D:1      | Reached XP level 1. HP: 19/19 MP: 0/0
   321 | D:1      | Reached XP level 2. HP: 27/27 MP: 1/1
   597 | D:1      | Found a faded altar of an unknown god.
   620 | D:1      | Reached skill level 3 in Long Blades
   620 | D:1      | Reached XP level 3. HP: 30/33 MP: 2/2
   822 | D:2      | Noticed Terence
   845 | D:2      | Killed Terence
   959 | D:2      | Reached XP level 4. HP: 24/40 MP: 3/3
  1962 | D:3      | Reached skill level 4 in Long Blades
  1969 | D:3      | Reached XP level 5. HP: 11/46 MP: 4/4
  2401 | D:3      | Reached skill level 5 in Long Blades
  2736 | D:3      | Noticed Jessica
  2739 | D:3      | Reached skill level 5 in Armour
  2748 | D:3      | Killed Jessica
  2749 | D:3      | Reached XP level 6. HP: 53/53 MP: 5/5
  2906 | D:3      | Found a runed translucent door.
  2907 | D:3      | Noticed Crazy Yiuf
  2915 | D:3      | Killed Crazy Yiuf
  2968 | D:4      | Noticed an ice beast
  2970 | D:4      | Killed an ice beast
  2971 | D:4      | Reached skill level 6 in Long Blades
  3046 | D:4      | Reached skill level 5 in Fighting
  3113 | D:4      | Found Fuestiap's Distillery.
  3122 | D:4      | Bought a potion of curing for 33 gold pieces
  3482 | D:4      | Reached XP level 7. HP: 61/61 MP: 6/6
  3899 | D:5      | Entered Level 5 of the Dungeon
  4015 | D:5      | Reached skill level 7 in Long Blades
  4080 | D:5      | Reached skill level 5 in Shields
  4224 | D:5      | Found a radiant altar of Vehumet.
  5088 | D:6      | Noticed an angel
  5093 | D:6      | Found a shimmering altar of Xom.
  5093 | D:6      | Found a glowing silver altar of Zin.
  5375 | D:6      | Reached XP level 8. HP: 62/70 MP: 7/7
  5465 | D:6      | Found a bloodstained altar of Trog.
  5466 | D:6      | Noticed a wizard
  5471 | D:6      | Killed a wizard
  5745 | D:7      | Found a flagged portal.
  5755 | D:7      | Reached skill level 8 in Long Blades
  5766 | Bailey   | Entered a bailey
  5909 | Bailey   | Slain by an orc warrior

Illustrated notes

Levels and vault maps discovered:
D:1:      dpeg_arrival_arbitrary_c, layout_basic,
          hellmonk_ecumenical_altar_run_dry
D:2:      layout_loops_ring, minmay_goblin_kobold_house, uniq_terence
D:3:      layout_loops_ring, uniq_jessica, uniq_crazy_yiuf_cottage
D:4:      layout_loops_corners, serial_shops, nicolae_shop_hallway_plus
D:5:      dreamdust_elfheim, layout_basic, mainiacjoe_overflow_surrounded_room
D:6:      layout_loops_ring, grunt_temple_overflow_order_and_chaos_1,
          trog_wizard
D:7:      layout_basic, mainiacjoe_overflow_six_doors_small,
          fedhas_ov_isle_minmay, minmay_temple_entry_hall, enter_ossuary_5,
          enter_bailey_4
Bailey:   bailey_axe_3, bailey

Skill      XL: |  1  2  3  4  5  6  7  8 |
---------------+-------------------------+-----
Fighting       | 4 5 6 |  6.2
Armour         | 4 5 6 7 |  7.7
Long Blades    | 3 4 5 6 7 8 |  8.5
Shields        | 4 5 |  5.8
Dodging        | |  0.6
Stealth        | |  0.5
Evocations     | |  0.1

Action                   |  1- 3 |  4- 6 |  7- 9 || total
-------------------------+-------+-------+-------++-------
Melee: Long sword        |    83 |   113 |    46 ||   242
       Headbutt          |    10 |    27 |    22 ||    59
       Falchion          |       |       |    93 ||    93
Evoke: Wand              |       |       |     5 ||     5
  Use: Scroll            |       |     7 |    10 ||    17
       Potion            |       |       |     1 ||     1
Armor: Scale mail        |    24 |       |       ||    24
       Plate armour      |    15 |    66 |   128 ||   209
Dodge: Dodged            |    25 |    31 |    64 ||   120
Block: Buckler           |    14 |    31 |    53 ||    98
